 Dungeon Crawl Stone Soup version 0.30-a0-862-g1aabd4f9c5 (webtiles) character file.

Game seed: 8601619539632211323

41 cforsyth the Magician (level 3, -1/19 HPs)
             Began as a Deep Elf Earth Elementalist on Mar 9, 2023.
             Slain by Terence
             ... wielding a +0 mace
              (8 damage)
             ... on level 2 of the Dungeon.
             The game lasted 00:01:26 (1787 turns).

cforsyth the Magician (Deep Elf Earth Elementalist) Turns: 1787, Time: 00:01:26

Health: -1/19      AC:  2    Str:  5    XL:     3   Next: 32%
Magic:  5/10       EV: 12    Int: 21    God:
Gold:   95         SH:  0    Dex: 15    Spells: 9/10 levels left

rFire   . . .      SeeInvis .    (no weapon)
rCold   . . .      Faith    .    (no shield)
rNeg    . . .      Spirit   .    a - +0 robe
rPois   .          Reflect  .    (no helmet)
rElec   .          Rampage  .    (no cloak)
rCorr   .                        (no gloves)
Will    .....                    (no boots)
Stlth   ++                       (no amulet)
HPRegen 0.23/turn                (no ring)
MPRegen 0.12/turn                (no ring)

@: no status effects
A: no striking features
a: no special abilities


You were on level 2 of the Dungeon.
You visited 1 branch of the dungeon, and saw 2 of its levels.

You collected 95 gold pieces.

Inventory:

Armour
 a - a +0 robe (worn)
Jewellery
 e - a ring of fire
Scrolls
 c - a scroll of identify {unknown}
 d - a scroll of fear {unknown}
 g - a scroll of immolation {unknown}
 i - a scroll of teleportation {unknown}
 j - a scroll of noise {unknown}
Potions
 b - a potion of magic
 f - a potion of curing {unknown}
 h - a potion of resistance {unknown}


   Skills:
 - Level 2.4 Dodging
 - Level 2.4 Stealth
 + Level 4.2 Spellcasting
 - Level 1.1 Transmutations
 + Level 4.1 Earth Magic


You had 9 spell levels left.
You knew the following spells:

 Your Spells              Type           Power      Damage    Failure   Level
a - Sandblast             Erth           44%        2d11      1%          1

Your spell library contained the following spells:

 Spells                   Type           Power      Damage    Failure   Level
 Passwall                 Tmut/Erth      12%        N/A       6%          2
 Stone Arrow              Conj/Erth      26%        3d8       16%         3
 Lesser Beckoning         Tloc           8%         N/A       19%         2
 Dazzling Flash           Conj/Hex       8%         N/A       34%         3
 Gell's Gravitas          Tloc           4%         N/A       34%         3
 Teleport Other           Tloc           4%         N/A       34%         3
 Tukima's Dance           Hex            4%         N/A       34%         3
 Petrify                  Tmut/Erth      15%        N/A       36%         4
 Animate Dead             Necr           4%         N/A       75%         4
 Iskenderun's Mystic Bla  Conj/Tloc      4%         2d3       75%         4
 Passage of Golubria      Tloc           4%         N/A       75%         4
 Yara's Violent Unravell  Hex/Tmut       3%         3d4       95%         5
 Starburst                Conj/Fire      2%         6d3       100%        6
 Haunt                    Necr/Summ      2%         N/A       100%        7
 Infestation              Necr           2%         N/A       100%        8


Dungeon Overview and Level Annotations

Branches:
Dungeon (2/15)

Altars:

Shops:
D:1 [

Annotations:
D:2 Terence


Message History

The blast of sand hits the bat.
You kill the bat!
Your magical contamination has completely faded away.
You now have 95 gold pieces (gained 4).
You open the door.
There is an open door here.
An endoplasm comes into view.
An endoplasm is nearby!
An endoplasm is nearby!
An endoplasm is nearby!
An endoplasm is nearby!
The blast of sand hits the endoplasm!
You kill the endoplasm!
You can't see any susceptible monsters within range! (Use Z to cast anyway.)
You can't see any susceptible monsters within range! (Use Z to cast anyway.) Terence the Incautious comes into view.
He is wielding a +0 mace and wearing a +0 ring mail of fire resistance.
Terence is nearby!
Terence is nearby!
Terence is nearby!
Terence is nearby!
The blast of sand hits Terence.
Terence is moderately wounded.
The blast of sand hits Terence but does no damage.
Terence is moderately wounded.
The blast of sand hits Terence!
Terence is severely wounded.
Terence misses you. Terence hits you with a +0 mace.
The blast of sand hits Terence.
Terence is almost dead.
Terence hits you with a +0 mace!
You are too injured to fight recklessly!
Casting: Sandblast (safe; 1% risk of failure)
Confirm with . or Enter, or press ? or * to list all spells.
Aiming: Sandblast (safe; 1% risk of failure)
Press: ? - help, Shift-Dir - straight line, f/p - Terence
Aim: Terence, wielding a +0 mace and wearing a +0 ring mail of fire resistance (almost dead, 85% to hit)
The blast of sand hits Terence but does no damage.
Terence is almost dead.
Terence hits you with a +0 mace!
You die...

#########
#.......#########
#.#####.#.......##
#.# #..........#
#.#####...##.##..#
#.#...........#..#
#.#.###..........#
#.#.###..........###
#..@.....###........
###@####.........###
#.# #####.##### #.#
##'## ..# ##...##
### ##.....##
##.....>.##
###.........#
.>'.........+


You could see Terence.

Vanquished Creatures
  A worm (D:2)
  5 endoplasms
  2 giant cockroaches
  3 hobgoblins (D:1)
  3 quokkas (D:1)
  2 ball pythons (D:1)
  2 bats
  3 frilled lizards
  5 goblins
  5 kobolds
  6 rats
37 creatures vanquished.

Notes
Turn   | Place    | Note
-------+----------+-------------------------------------------
     0 | D:1      | cforsyth the Deep Elf Earth Elementalist began the quest
                  | for the Orb.
     0 | D:1      | Reached XP level 1. HP: 10/10 MP: 6/6
   338 | D:1      | Reached XP level 2. HP: 15/15 MP: 4/8
   649 | D:1      | Found Utwue's Armour Boutique.
  1188 | D:1      | Reached XP level 3. HP: 19/19 MP: 8/10
  1782 | D:2      | Noticed Terence
  1787 | D:2      | Slain by Terence

Illustrated notes

Levels and vault maps discovered:
D:1:      mushboom_english_gardens, layout_basic, serial_shops,
          nicolae_shop_crystal
D:2:      layout_loops_corners, kennysheep_generic_room_6, uniq_terence

Skill      XL: |  1  2 |
---------------+-------+-----
Spellcasting   | 4 |  4.2
Earth Magic    | 4 |  4.1
Dodging        | |  2.4
Stealth        | |  2.4
Transmutations | |  1.1

Action                     || total
---------------------------++-------
   Cast: Sandblast         ||    62
 Armour: Robe              ||     3
  Dodge: Dodged            ||    14

Table legend: (Time is in decaauts)
 A = Elapsed time spent in this place.
 B = Non-inter-level travel time spent in this place.
 C = Inter-level travel time spent in this place.
 D = Time resting spent in this place.
 E = Time spent auto-exploring this place.
 F = Levels seen in this place.
 G = Mean time per level.
                   A        B        C        D        E       F      G
               +--------+--------+--------+--------+--------+-----+--------+
         Total |   1817 |   1798 |     19 |      0 |   1606 |   2 |  908.5 |
       Dungeon |   1817 |   1798 |     19 |      0 |   1606 |   2 |  908.5 |
               +--------+--------+--------+--------+--------+-----+--------+

Top non-repeatable levels by time:
     D:1: 1275 daAuts
     D:2: 542 daAuts
